 Dungeon Crawl Stone Soup version 0.23.2-40-g277498a001 (webtiles) character file.

Game seed: 6045891577388473965

15038 Frank2 the Cleaver (level 11, -3/91 (92) HPs)
             Began as a Demigod Fighter on Aug 27, 2019.
             Slain by an orc warrior
             ... wielding a +0 trident
              (10 damage)
             ... on level 1 of the Orcish Mines.
             The game lasted 00:20:13 (10563 turns).

Frank2 the Cleaver (Demigod Fighter)               Turns: 10563, Time: 00:20:14

HP:   -3/91 (92)    AC: 18    Str: 19    XL:     11   Next: 65%
MP:   19/19         EV: 13    Int: 12    God:
Gold: 506           SH: 14    Dex: 21    Spells: 10/10 levels left

rFire    + + .     SeeInvis .   a - +6 war axe
rCold    + . .     Gourm    .   c - +2 shield
rNeg     . . .     Faith    .   v - +3 ring mail
rPois    .         Spirit   .   F - +0 helmet
rElec    .         Reflect  .   C - scarf {rC+ rF+}
rCorr    .         Harm     +   j - +1 pair of gloves
MR       +....                  i - +2 pair of boots
Stlth    +.........             L - amulet of harm
HPRegen  0.25/turn              l - +2 ring of protection
MPRegen  0.16/turn              t - ring of protection from fire

@: about to teleport, marked
A: high mp 1
a: no special abilities


You were on level 1 of the Orcish Mines.
You were not hungry.

You visited 2 branches of the dungeon, and saw 12 of its levels.
You also visited: Sewer.

You collected 676 gold pieces.
You spent 170 gold pieces at shops.

Inventory:

Hand Weapons
 a - a +6 war axe (weapon)
Armour
 c - a +2 shield (worn)
 i - a +2 pair of boots (worn)
 j - a +1 pair of gloves (worn)
 v - a +3 ring mail (worn)
 C - a scarf of resistance (worn)
 F - a +0 helmet (worn)
Jewellery
 l - a +2 ring of protection (left hand)
 t - a ring of protection from fire (right hand)
 x - an uncursed ring of flight
 E - an uncursed ring of wizardry {unknown}
 L - an amulet of harm (around neck)
Wands
 m - a wand of digging (7)
 s - a wand of flame (26)
 y - a wand of iceblast (13)
 z - a wand of acid (7)
 B - a wand of scattershot (1)
 K - a wand of enslavement (9)
Scrolls
 e - 2 scrolls of fear
 h - 2 scrolls of teleportation
 r - 3 scrolls of magic mapping
 u - a scroll of identify
 G - 3 scrolls of remove curse
Potions
 b - a potion of invisibility
 d - a potion of cancellation {unknown}
 g - 4 potions of flight
 k - a potion of heal wounds
 n - a potion of brilliance {unknown}
 o - a potion of agility
 p - a potion of resistance {unknown}
 q - 3 potions of haste
 w - a potion of curing
 A - a potion of ambrosia {unknown}
 D - a potion of magic {unknown}
Comestibles
 f - 30 rations
 H - 2 chunks of flesh


   Skills:
 + Level 7.0 Fighting
 + Level 11.4 Axes
 + Level 6.0 Armour
 + Level 4.4 Dodging
 + Level 7.6 Shields
 * Level 7.1 Evocations


You had 10 spell levels left.
You didn't know any spells.
Your spell library contained the following spells:

 Spells                   Type           Power        Failure   Level  Hunger
 Magic Dart               Conj           #...         80%         1    ##.....
 Blink                    Tloc           N/A          91%         2    ###....
 Call Imp                 Summ           #.......     91%         2    ###....
 Slow                     Hex            #.......     91%         2    ###....
 Conjure Flame            Conj/Fire      #.......     99%         3    ####...
 Mephitic Cloud           Conj/Pois/Air  #.......     99%         3    ####...


Dungeon Overview and Level Annotations

Branches:
Dungeon (11/15)            Temple (0/1) D:6            Lair (0/6) D:9
    Orc (1/2) D:9

Shops:
D:7 :   D:9 *

Annotations:
D:7 3 runed translucent doors, FishyPogo's ghost, novice DrAE


Innate Abilities, Weirdness & Mutations

You have an increased reservoir of magic. (+10% MP)


Message History

The orc warrior hits you from afar with a +0 trident!
* * * LOW HITPOINT WARNING * * *
The warg bites you but does no damage.
You slash the warg!
The warg is heavily wounded.
The warg bites you but does no damage.
The orc warrior hits you but does no damage.
As you read the scroll of teleportation, it crumbles to dust.
You feel strangely unstable.
A warg comes into view.
You block the orc warrior's attack. The warg bites you but does no damage.
An orc and an orc warrior come into view.
The warg bites you!
* * * LOW HITPOINT WARNING * * *
An orc comes into view.
An orc comes into view. It is wielding a +0 club.
A warg and an orc come into view.
You block the warg's attack. x2
The orc warrior hits you with a +0 trident!
You die...

#. # # ### ##.####
####...#.## #
##h###.#...# #
#.h@##..#.## ##
###ho.......## #.
#.o.o....#...#######.
#..hoo...............##.
.....≈≈≈≈≈≈≈≈≈≈≈≈≈≈≈≈.###
.....≈##############≈.#..
....o≈ #≈.... .....≈
#≈.#.. .....≈ #≈....


You could see 4 wargs, 2 orc warriors and 4 orcs.

Vanquished Creatures
  Snorg (Orc:1)
  Harold (Orc:1)
  3 two-headed ogres
  Pikel (D:7)
  A deep elf archer (D:11)
  2 manticores (D:11)
  A cyclops (D:11)
  A centaur zombie (D:10)
  A gargoyle (D:11)
  A queen bee (D:8)
  A troll (Orc:1)
  Grinder (D:3)
  3 hippogriffs
  Sigmund (D:3)
  2 wyverns (D:10)
  12 yaks (D:10)
  Duvessa (D:6)
  A water moccasin (D:11)
  A black bear (D:8)
  3 ice beasts
  8 orc warriors
  A phantom (D:4)
  2 sky beasts
  3 necrophages
  8 ogres
  3 centaurs
  A crocodile (D:10)
  2 big kobolds
  5 bullfrogs
  A water moccasin zombie (D:5)
  2 scorpions
  Dowan (D:6)
  15 killer bees (D:8)
  7 howler monkeys
  5 crimson imps
  2 hounds
  2 jellies
  2 orc priests (D:10)
  3 bullfrog zombies
  2 centaur skeletons
  9 orc wizards
  Terence (D:3)
  Natasha (twice) (D:3)
  3 iguanas
  6 worker ants
  A hound zombie (D:6)
  A howler monkey zombie (D:7)
  6 gnolls (D:6)
  4 adders
  A river rat (Sewer)
  2 adder zombies
  6 worms
  2 dart slugs
  4 leopard geckos
  28 orcs
  2 ball pythons
  10 bats
  2 bat zombies (D:8)
  8 giant cockroaches
  6 goblins
  4 hobgoblins
  12 jackals
  12 kobolds
  6 quokkas
  2 frilled lizards
  A jackal skeleton (D:5)
  A quokka skeleton (D:7)
  11 rats
  5 rat zombies (D:8)
272 creatures vanquished.

Vanquished Creatures (others)
  An orc priest (D:7)
  An orc wizard (D:7)
  An adder (D:7)
  2 orcs (D:7)
  A quokka (D:7)
6 creatures vanquished.

Grand Total: 278 creatures vanquished

Notes
Turn   | Place    | Note
-------+----------+-------------------------------------------
     0 | D:1      | Frank2 the Demigod Fighter began the quest for the Orb.
     0 | D:1      | Reached XP level 1. HP: 18/18 MP: 3/3
   237 | D:1      | Reached XP level 2. HP: 25/25 MP: 4/4
   350 | D:1      | Reached skill level 2 in Axes
   716 | D:2      | Reached XP level 3. HP: 27/30 MP: 5/5
   878 | D:2      | Found a bloodstained altar of Trog.
  1082 | D:2      | Found a hide-covered altar of Uskayaw.
  1261 | D:3      | Found a stormy altar of Qazlal.
  1267 | D:3      | Found a shadowy altar of Dithmenos.
  1269 | D:3      | Noticed a scorpion
  1273 | D:3      | Killed a scorpion
  1273 | D:3      | Reached skill level 3 in Axes
  1273 | D:3      | Reached XP level 4. HP: 29/38 MP: 6/6
  1296 | D:3      | Noticed Terence
  1305 | D:3      | Killed Terence
  1438 | D:3      | Reached skill level 1 in Dodging
  1438 | D:3      | Reached XP level 5. HP: 24/45 MP: 7/7
  1623 | D:3      | Found a shimmering altar of Xom.
  1628 | D:3      | Found an iron altar of Okawaru.
  1662 | D:3      | Noticed Sigmund
  1671 | D:3      | Killed Sigmund
  1671 | D:3      | Reached skill level 4 in Axes
  1671 | D:3      | Reached XP level 6. HP: 47/51 MP: 8/8
  1708 | D:3      | Noticed Natasha
  1714 | D:3      | Killed Natasha
  1772 | D:3      | Noticed Grinder
  1772 | D:3      | Paralysed by Grinder for 7 turns
  1781 | D:3      | Paralysed by Grinder for 6 turns
  1811 | D:3      | Killed Grinder
  1811 | D:3      | Reached skill level 5 in Axes
  1811 | D:3      | Reached XP level 7. HP: 24/58 MP: 9/9
  2253 | D:3      | Noticed Natasha
  2261 | D:3      | Killed Natasha
  2685 | D:4      | Found an ancient bone altar of Kikubaaqudgha.
  3003 | D:5      | Entered Level 5 of the Dungeon
  3116 | D:5      | Reached skill level 6 in Axes
  3128 | D:5      | Found a glowing drain.
  3164 | Sewer    | Entered a sewer
  3271 | Sewer    | Found a glowing silver altar of Zin.
  3471 | D:5      | Reached skill level 1 in Evocations
  3471 | D:5      | Reached XP level 8. HP: 66/66 MP: 11/11
  4094 | D:5      | Reached skill level 7 in Axes
  4408 | D:6      | Reached skill level 5 in Shields
  4446 | D:6      | Found a staircase to the Ecumenical Temple.
  4482 | D:6      | Noticed Dowan
  4487 | D:6      | Noticed Duvessa
  4492 | D:6      | Killed Dowan
  4511 | D:6      | Killed Duvessa
  5098 | D:6      | Found an ornate altar of the Wu Jian Council.
  5182 | D:6      | Found a glowing silver altar of Zin.
  5332 | D:6      | Found a deep blue altar of Sif Muna.
  5361 | D:7      | Found Poon's Book Shoppe.
  5362 | D:7      | Found a blossoming altar of Fedhas.
  5370 | D:7      | Reached XP level 9. HP: 72/72 MP: 14/14
  5516 | D:7      | Noticed Pikel
  5517 | D:7      | Reached skill level 8 in Axes
  5534 | D:7      | Killed Pikel
  5534 | D:7      | Reached skill level 5 in Fighting
  5916 | D:7      | Found a runed translucent gate.
  5916 | D:7      | Found a runed translucent gate.
  5919 | D:7      | Found a runed translucent gate.
  5922 | D:7      | Noticed FishyPogo's ghost (novice DrAE)
  6014 | D:7      | Found a white marble altar of Elyvilon.
  6433 | D:8      | Noticed a two-headed ogre
  6438 | D:8      | Killed a two-headed ogre
  6438 | D:8      | Reached skill level 9 in Axes
  6438 | D:8      | Reached skill level 5 in Armour
  6455 | D:8      | Found a burning altar of Makhleb.
  6544 | D:8      | Reached XP level 10. HP: 55/81 MP: 16/16
  7223 | D:8      | Found an ancient bone altar of Kikubaaqudgha.
  7257 | D:8      | Reached skill level 5 in Evocations
  7427 | D:9      | Noticed a two-headed ogre
  7434 | D:9      | Killed a two-headed ogre
  7440 | D:9      | Found Gaodgh's Assorted Antiques.
  7448 | D:9      | Bought a dented amethyst amulet for 170 gold pieces
  7493 | D:9      | Found a staircase to the Orcish Mines.
  7699 | D:9      | Found a staircase to the Lair.
  7961 | D:9      | Noticed a two-headed ogre
  7972 | D:9      | Killed a two-headed ogre
  7972 | D:9      | Reached skill level 10 in Axes
  8188 | D:10     | Entered Level 10 of the Dungeon
  8415 | D:10     | Reached XP level 11. HP: 37/89 MP: 12/19
  9348 | D:11     | Reached skill level 11 in Axes
  9609 | D:11     | Noticed a deep elf archer
  9625 | D:11     | Killed a deep elf archer
  9811 | D:11     | Noticed a centaur warrior
  9812 | D:11     | Noticed a centaur warrior
 10120 | D:11     | Got a vibrating brass ring
 10139 | D:11     | Identified the ring of Xom's Anger {*Tele *Drain rC+ Int+5}
                  | (You found it on level 11 of the Dungeon)
 10263 | Orc:1    | Entered Level 1 of the Orcish Mines
 10509 | Orc:1    | Noticed Harold
 10523 | Orc:1    | Noticed Snorg
 10530 | Orc:1    | Killed Harold
 10536 | Orc:1    | Killed Snorg
 10563 | Orc:1    | Slain by an orc warrior

Skill      XL: |  1  2  3  4  5  6  7  8  9 10 11 |
---------------+----------------------------------+-----
Armour         | 3 4 5 6 |  6.0
Axes           | 2 3 4 5 6 7 9 10 11 | 11.4
Shields        | 3 4 5 6 7 |  7.6
Fighting       | 3 4 5 6 7 |  7.0
Dodging        | 1 2 3 4 |  4.4
Evocations     | 1 3 4 6 7 |  7.1

Action                   |  1- 3 |  4- 6 |  7- 9 | 10-12 || total
-------------------------+-------+-------+-------+-------++-------
Melee: War axe           |   129 |    83 |   433 |   421 ||  1066
Evoke: Wand              |       |       |     1 |     2 ||     3
  Use: Scroll            |     6 |     2 |     8 |     9 ||    25
       Potion            |       |     3 |       |     6 ||     9
 Stab: Sleeping          |       |       |     1 |       ||     1
       Distracted        |       |       |       |     1 ||     1
  Eat: Chunk             |     1 |     2 |    16 |    10 ||    29
       Ration            |       |       |       |     1 ||     1
Armor: Scale mail        |    70 |    34 |    44 |       ||   148
       Ring mail         |       |       |   118 |   128 ||   246
Dodge: Dodged            |    40 |    26 |   147 |   170 ||   383
Block: Shield            |    84 |    51 |   215 |   267 ||   617
